 Dungeon Crawl Stone Soup version 0.27.1-34-g3ba077fa99 (webtiles) character file.

Game seed: 6712139019656691566

29 EWolf27 the Chucker (level 3, 35/35 HPs)
             Began as a Troll Hunter on Jan 10, 2022.
             Was a Follower of Dithmenos.
             Quit the game on level 2 of the Dungeon.
             The game lasted 00:04:35 (748 turns).

EWolf27 the Chucker (Troll Hunter)                   Turns: 748, Time: 00:04:35

Health: 35/35      AC:  4    Str: 21    XL:     3   Next: 1%
Magic:  2/2        EV: 10    Int:  7    God:    Dithmenos [*.....]
Gold:   21         SH:  0    Dex: 10    Spells: 2/2 levels left

rFire    . . .     SeeInvis .     - Unarmed
rCold    . . .     Faith    .   (no shield)
rNeg     . . .     Spirit   .   b - +0 robe
rPois    .         Reflect  .   (helmet restricted)
rElec    .         Harm     .   (no cloak)
rCorr    .         Rampage  .   (gloves unavailable)
Will     .....                  (boots unavailable)
Stlth    +.........             (no amulet)
HPRegen  1.11/turn              (no ring)
MPRegen  0.08/turn              (no ring)

@: wreathed by umbra
A: large, unfitting armour, claws 3, regeneration 1, shaggy fur 1, tough skin 1
a: Renounce Religion


You were on level 2 of the Dungeon.
You worshipped Dithmenos.
Dithmenos was aware of your devotion.
You visited 1 branch of the dungeon, and saw 2 of its levels.

You collected 21 gold pieces.

Inventory:

Hand Weapons
 a - a +0 flail
 e - a +2 dagger of speed
Missiles
 c - 5 large rocks (quivered)
 d - 2 throwing nets
Armour
 b - a +0 robe (worn)
Scrolls
 f - a scroll of enchant armour {unknown}
 h - a scroll of fear {unknown}
Potions
 g - 2 potions of degeneration {unknown}
 i - a potion of flight {unknown}


   Skills:
 + Level 1.9 Fighting
 + Level 3.8 Throwing
 + Level 1.9 Dodging
 - Level 0.3 Stealth
 * Level 1.5 Unarmed Combat


You had 2 spell levels left.
You didn't know any spells.
Your spell library contained the following spells:

 Spells                   Type           Power      Damage    Failure   Level
 Foxfire                  Conj/Fire      0%         2x1d4     43%         1


Dungeon Overview and Level Annotations

Branches:
Dungeon (2/15)

Altars:
Dithmenos


Innate Abilities, Weirdness & Mutations

You are too large for most types of armour.
You have claws for hands.
Your natural rate of healing is unusually fast.
You are covered in fur. (AC +1)
You have tough skin. (AC +1)


Message History

You closely miss the bat. The bat barely misses you.
The bat hits you but does no damage.
You scratch the bat.
The bat is severely wounded.
The bat closely misses you. The bat hits you but does no damage.
You scratch the bat.
You kill the bat!
Dithmenos accepts your kill.
No target in view!
You open the large door.
A rat comes into view.
There is a large open door here.
A rat is nearby!
You claw the rat!
You kill the rat!
Dithmenos accepts your kill.
No target in view!
Found 10 gold pieces.
No target in view!
No target in view!
You now have 21 gold pieces (gained 10).
Found a stone staircase leading down.
No target in view!
A jackal comes into view.
A jackal comes into view.
You claw the jackal!
You kill the jackal!
Dithmenos accepts your kill.
The jackal barks!
You hear a bark!
You hear a shout!
A jackal comes into view.
You hear an angry hiss.
You have reached level 3!
Your experience leads to an increase in your attributes!
Increase (S)trength, (I)ntelligence, or (D)exterity?
Uppercase letters only, please.
Uppercase letters only, please.
You feel stronger. x2
Save game and exit?
Okay, then.
Are you sure you want to abandon this character and quit the game? (Confirm with "yes".)

### .... ......#
#####....
.....####.......
..............####
#................
#..............h.
####...............h
..#........@...#
#.#........#####
#.#.###.#....#
#.....#.#....#
#...#.#.#....#
######...#...#......
#....#...............
+.................>..
#......#......##.....


You could see 2 jackals.

Vanquished Creatures
  3 dart slugs (D:1)
  A ball python (D:1)
  3 endoplasms (D:1)
  A goblin (D:1)
  3 hobgoblins
  A jackal (D:2)
  2 kobolds (D:1)
  2 bats
  4 frilled lizards
  3 rats
23 creatures vanquished.

Vanquished Creatures (others)
  A plant (D:1)
1 creature vanquished.

Grand Total: 24 creatures vanquished

Notes
Turn   | Place    | Note
-------+----------+-------------------------------------------
     0 | D:1      | EWolf27 the Troll Hunter began the quest for the Orb.
     0 | D:1      | Reached XP level 1. HP: 19/19 MP: 0/0
    56 | D:1      | Found a faded altar of an unknown god.
    70 | D:1      | Got Plato's Reference Book on Battle Magic
    73 | D:1      | Became a worshipper of Dithmenos the Shadowed
    73 | D:1      | Reached * piety under Dithmenos
   217 | D:1      | Reached skill level 1 in Unarmed Combat
   217 | D:1      | Reached XP level 2. HP: 26/28 MP: 1/1
   748 | D:2      | Reached XP level 3. HP: 35/35 MP: 2/2
   748 | D:2      | Quit the game

Illustrated notes

Levels and vault maps discovered:
D:1:      scummos_arrival_simple_fountains, layout_basic,
          shapermc_ecumenical_altar_rom_forum, minmay_cut_off
D:2:      layout_basic, serial_shops, nicolae_shop_trees, chequers_mini_garden

Skill      XL: |  1 |
---------------+----+-----
Unarmed Combat | 1 |  1.5
Fighting       | |  1.9
Throwing       | |  3.8
Dodging        | |  1.9
Stealth        | |  0.3

Action                   || total
-------------------------++-------
Melee: Unarmed           ||    78
 Stab: Sleeping          ||     2
Armor: Robe              ||    18
Dodge: Dodged            ||    53
